AoeStats
← Maxtol

Baltic

510299409Analyzed
2v2 RM · 2d ago on Sep 30, 2026· 48m 24s· 4 players
Game mode
Random Map
Map size
Medium (4 player)
Population
200
Speed
Normal
Resources
Standard
Victory
Conquest
Starting age
Dark Age
Ending age
Imperial Age
RankedLock teamsTeams togetherTeam positionsShared explorationLock speedFull tech treeHidden civsTurbo modeCheats
Victory
Defeat
🇫🇷 Maya · France
846
+13
🇫🇷 Franks · France
830
+14
🇨🇴 Vikings · Colombia
809
-15
🇦🇺 Hindustanis · Australia
752
-17
jgmolina20
7:50 Loom
12:06 Feudal Age
12:21 Loom
15:21 Town Watch
17:58 Fishing Lines
21:03 Castle Age
18:47 Man-at-Arms
19:17 Arson
19:31 Double-Bit Axe
22:30 Medium Warships
23:16 Fletching
27:20 Bodkin Arrow
27:37 Forging
27:47 Bow Saw
31:31 Ballistics
31:37 Gillnets
31:38 Horse Collar
32:38 Crossbowman
33:34 Siphons
33:42 Careening
33:27 Pikeman
35:57 Town Patrol
43:09 Imperial Age
42:44 Squires
43:20 Heavy Plow
43:49 Clinker Construction
43:15 Capped Ram
45:32 Chemistry
44:26 Arrowslits
Crush
1:06 Loom
11:33 Feudal Age
14:13 Fishing Lines
16:37 Castle Age
15:50 Double-Bit Axe
18:32 Stone Mining
18:38 Gold Mining
19:35 Bow Saw
Maxtol
6:56 Loom
9:52 Feudal Age
14:54 Castle Age
13:44 Double-Bit Axe
16:55 Bow Saw
20:14 Wheelbarrow
24:08 Husbandry
25:01 Light Cavalry
26:46 Gold Mining
26:47 Stone Mining
27:47 Forging
27:40 Scale Mail Armor
28:30 Ordonnance Companies
32:06 Imperial Age
31:14 Hand Cart
30:44 Town Watch
32:28 Gold Shaft Mining
33:19 Ballistics
32:48 Cavalier
35:03 Scale Barding Armor
35:33 Iron Casting
35:05 Chivalry
37:01 Chemistry
35:45 Treadmill Crane
36:23 Paladin
37:10 Town Patrol
38:01 Elite Throwing Axeman
41:07 Blast Furnace
40:28 Chain Barding Armor
41:51 Hoardings
42:01 Chain Mail Armor
45:13 Plate Barding Armor
45:09 Plate Mail Armor
44:55 Masonry
44:41 Murder Holes
44:37 Guard Tower
45:17 Conscription
48:19 Caravan
48:49 Coinage
Thomax
11:20 Feudal Age
15:55 Fletching
18:33 Castle Age
16:37 Double-Bit Axe
18:08 Gold Mining
18:02 Horse Collar
19:46 Medium Warships
20:02 Town Watch
20:56 Wheelbarrow
20:22 Bodkin Arrow
23:43 Hand Cart
28:48 Heavy Plow
29:06 Forging
32:37 Ballistics
35:48 Imperial Age
33:52 Stone Mining
34:24 Bow Saw
34:55 Iron Casting
37:05 Heavy Warships
37:12 Bracer
38:20 Chemistry
36:57 Capped Ram
37:51 Siege Ram
39:06 Conscription
39:08 Masonry
39:28 Careening
40:23 Eagle Warrior
42:22 Two-Man Saw
41:55 Crop Rotation
41:57 Architecture
41:21 Elite Eagle Warrior
43:42 Town Patrol
43:30 Loom
44:51 Blast Furnace
43:52 Padded Archer Armor
43:54 Scale Mail Armor
44:59 Blast Furnace
44:38 Squires
44:26 Arson
45:01 Chain Mail Armor
45:49 Blast Furnace
45:10 Pikeman
48:53 Plate Mail Armor
48:54 Caravan
Connection lost

Rejoining the realm…

Still unreachable

The connection could not be restored.

Session expired

The server has moved on; the page needs a fresh start.